 Dungeon Crawl Stone Soup version 0.25.1-2-g60ff931df9 (webtiles) character file.

Game seed: 3062629421268289868

2424 Groucho the Covert (level 9, -2/64 HPs)
             Began as a Felid Berserker on Oct 28, 2020.
             Was an Elder of Trog.
             Slain by an orc warrior
             ... wielding a +0 mace
              (13 damage)
             ... on level 8 of the Dungeon.
             The game lasted 00:16:14 (9695 turns).

Groucho the Covert (Felid Berserker)                Turns: 9695, Time: 00:16:15

Health: -2/64      AC:  2    Str: 19    XL:     9   Next: 24%
Magic:  10/10      EV: 26    Int:  8    God:    Trog [****..]
Gold:   509        SH:  0    Dex: 19    Spells: 8/8 levels left
                                        Lives:  0   Deaths: 2

rFire    . . .     SeeInvis +     - Unarmed
rCold    . . .     Gourm    .   (shield unavailable)
rNeg     . . .     Faith    .   (armour unavailable)
rPois    .         Spirit   .   (helmet unavailable)
rElec    .         Reflect  .   (cloak unavailable)
rCorr    .         Harm     .   (gloves unavailable)
MR       +++..                  (boots unavailable)
Stlth    ..........             (no amulet)
HPRegen  1.20/turn              u - +6 ring of strength
MPRegen  0.12/turn              (no ring)

@: berserking, regenerating, very quick
A: very small, no armour, no weapons or thrown items, stealth, claws 1, fangs 3,
see invisible, carnivore, speed 1, shaggy fur 2, slow metabolism 1, sharp paws
a: Berserk, Trog's Hand, Brothers in Arms, Renounce Religion


You were on level 8 of the Dungeon.
You worshipped Trog.
Trog was greatly pleased with you.
You were very full.

You visited 1 branch of the dungeon, and saw 8 of its levels.

You collected 509 gold pieces.

Inventory:

Jewellery
 u - a +6 ring of strength (left paw)
Wands
 p - a wand of iceblast (7)
 s - a wand of polymorph (11)
Scrolls
 c - a scroll of random uselessness {unknown}
 e - 6 scrolls of identify
 f - 6 scrolls of remove curse
 g - a scroll of blinking {unknown}
 i - a scroll of amnesia
 j - 2 scrolls of teleportation
 n - a scroll of magic mapping {unknown}
 q - 2 scrolls of fog
 r - a scroll of enchant armour {unknown}
 v - a scroll of immolation {unknown}
Potions
 b - a potion of brilliance
 d - a potion of berserk rage {unknown}
 h - 3 potions of lignification
 k - a potion of stabbing {unknown}
 l - 2 potions of curing
 m - a potion of flight {unknown}
 o - a potion of haste
 t - a potion of heal wounds {unknown}
 w - 2 potions of degeneration {unknown}
Comestibles
 a - 13 rations
 x - 8 chunks of flesh


   Skills:
 + Level 7.2 Fighting
 + Level 9.5 Dodging
 + Level 12.5 Stealth
 + Level 7.2 Unarmed Combat


You had 8 spell levels left.
You didn't know any spells.
Your spell library was empty.

Dungeon Overview and Level Annotations

Branches:
Dungeon (8/15)             Temple (0/1) D:6
   Lair: D:8-11

Altars:
Ashenzari
Dithmenos
Hepliaklqana
Sif Muna
Trog
Zin


Innate Abilities, Weirdness & Mutations

You cannot wear armour.
You are incapable of wielding weapons or throwing items.
Your paws allow you to move quietly. (Stealth)
You have sharp claws.
You have razor-sharp teeth.
You have supernaturally acute eyesight. (SInv)
You are carnivorous and can eat meat at any time.
You cover ground quickly.
You are covered in thick fur. (AC +2)
You have a slow metabolism.
Your sharp claws are effective at attacking unaware monsters.


Message History

Ouch! That really hurt!
* * * LOW HITPOINT WARNING * * *
An orc comes into view. It is wielding a +0 flail.
Your skin crawls.
You feel resistant to hostile enchantments.
You feel somewhat less full.
A red film seems to cover your vision as you go berserk!
You feel yourself moving faster!
You feel mighty!
The orc warrior hits you with a +0 mace!
* * * LOW HITPOINT WARNING * * *
You barely miss the orc warrior. Your bite misses the orc warrior.
The orc warrior is heavily wounded.
The orc warrior completely misses you.
You claw the orc warrior!
You bite the orc warrior, but do no damage.
The orc warrior is almost dead.
You closely miss the orc warrior. Your bite misses the orc warrior.
The orc warrior is almost dead.
The orc warrior hits you with a +0 mace!
You die...

...####.....#
..........>##
....###'##..# .
#....#.)###
..######....#.......#
.......'.......####.#
#### ########..........
....##########....###.##
........o..@ooo...'.....
##.....##.###....#...##
#.....##.# ######...#
#.....##.# ...#
#........# #..#
#.#'##...# ...
###+#......#
#....>....#####
#...............


You could see an orc warrior and 3 orcs.

Vanquished Creatures
  2 two-headed ogres
  The ghost of Cykl0x the Carver, a novice FoFi of the Shining One (D:7)
  A hungry ghost (D:7)
  3 orc warriors (D:8)
  A black bear (D:8)
  5 ogres
  A centaur (D:8)
  A bullfrog (D:7)
  5 howler monkeys
  4 crimson imps
  4 hounds
  4 orc priests
  An iguana (D:6)
  8 orc wizards
  2 worker ants
  2 hound zombies
  A hound skeleton (D:4)
  A worker ant zombie (D:6)
  8 adders
  A shadow imp (D:8)
  2 worms
  A dart slug (D:2)
  8 leopard geckos
  62 orcs
  10 goblins
  9 hobgoblins
  8 jackals
  2 quokkas (D:6)
  2 ball pythons
  10 bats
  8 frilled lizards
  A jackal skeleton (D:7)
  7 kobolds
  12 rats
198 creatures vanquished.

Notes
Turn   | Place    | Note
-------+----------+-------------------------------------------
     0 | D:1      | Groucho the Felid Berserker began the quest for the Orb.
     0 | D:1      | Reached XP level 1. HP: 10/10 MP: 2/2
    66 | D:1      | Reached skill level 1 in Stealth
   234 | D:1      | Reached skill level 2 in Stealth
   238 | D:1      | Reached XP level 2. HP: 13/14 MP: 3/3
   383 | D:1      | Reached skill level 3 in Stealth
   492 | D:1      | Reached ** piety under Trog
   883 | D:1      | Reached skill level 4 in Stealth
  1154 | D:1      | Reached XP level 3. HP: 17/17 MP: 4/4
  1952 | D:2      | Found a shimmering blue altar of Sif Muna.
  2303 | D:2      | Reached skill level 5 in Stealth
  2344 | D:2      | Reached XP level 4. HP: 21/21 MP: 5/5
  2632 | D:3      | Reached skill level 6 in Stealth
  3193 | D:3      | Found a faded altar of an unknown god.
  3238 | D:3      | Found a shattered altar of Ashenzari.
  3368 | D:3      | Reached *** piety under Trog
  3602 | D:3      | Reached XP level 5. HP: 24/24 MP: 6/6
  4025 | D:3      | Reached skill level 7 in Stealth
  4553 | D:4      | Reached skill level 8 in Stealth
  4586 | D:4      | Gained mutation: You are covered in thick fur. (AC +2)
                  | [Felid growth]
  4586 | D:4      | Reached XP level 6. HP: 28/28 MP: 7/7
  4910 | D:4      | Reached skill level 9 in Stealth
  5467 | D:5      | Entered Level 5 of the Dungeon
  5712 | D:5      | Found a hazy altar of Hepliaklqana.
  6353 | D:6      | Reached XP level 7. HP: 31/31 MP: 8/8
  6647 | D:6      | Found a staircase to the Ecumenical Temple.
  6658 | D:6      | Reached skill level 5 in Dodging
  6794 | D:6      | Found a bloodstained altar of Trog.
  6795 | D:6      | Noticed a moth of wrath
  6836 | D:6      | Reached **** piety under Trog
  7239 | D:6      | Found a glowing silver altar of Zin.
  7252 | D:6      | Noticed a two-headed ogre
  7268 | D:6      | HP: 2/48 [two-headed ogre/+0 giant club (27)]
  7268 | D:6      | Mangled by a two-headed ogre
  7269 | D:6      | Reached XP level 6. HP: -7/42 MP: 7/7
  7713 | D:6      | HP: 1/42 [two-headed ogre/+0 giant club (11)]
  8158 | D:6      | Killed a two-headed ogre
  8158 | D:6      | Reached skill level 5 in Fighting
  8158 | D:6      | Reached skill level 10 in Stealth
  8158 | D:6      | Reached skill level 5 in Unarmed Combat
  8158 | D:6      | Reached XP level 7. HP: 20/33 MP: 8/8
  8158 | D:6      | Reached XP level 8. HP: 22/37 MP: 9/9
  8545 | D:7      | Found a transporter.
  8551 | D:7      | Noticed Cykl0x's ghost (novice FoFi)
  8553 | D:7      | Found a transporter.
  8557 | D:7      | Identified the +7 great mace of Income {vorpal, *Noise
                  | Str+4 Int+5}
  8557 | D:7      | Noticed a two-headed ogre
  8560 | D:7      | Killed a two-headed ogre
  8560 | D:7      | Reached skill level 11 in Stealth
  8617 | D:7      | Killed Cykl0x's ghost
  8617 | D:7      | Reached XP level 9. HP: 18/42 MP: 10/10
  8869 | D:7      | Found a shadowy altar of Dithmenos.
  8892 | D:7      | Slain by a crimson imp
  8893 | D:7      | Reached XP level 8. HP: -1/39 MP: 9/9
  8927 | D:7      | Reached skill level 12 in Stealth
  9525 | D:8      | Reached XP level 9. HP: 43/43 MP: 10/10
  9695 | D:8      | Slain by an orc warrior

Illustrated notes

Levels and vault maps discovered:
D:1:      wheals_arrival_linesprint, layout_basic, chequers_jeans,
          minmay_misc_feat_square
D:2:      layout_loops_ring, overflow_temple_1_default
D:3:      layout_basic, chequers_ecumenical_altar_twisty,
          nicolae_ashenzari_panopticon
D:4:      layout_cave_pods
D:5:      layout_loops_corners, kennysheep_little_box, first_ration,
          kennysheep_generic_room_9
D:6:      layout_loops_ring, zin_statuary, tgw_trog, minmay_temple_entry_hall
D:7:      layout_basic, lemuel_doored_altar, gammafunk_ghost_smash
D:8:      layout_basic, special_room [special_room_orc],
          ploomutoo_gammafunk_ghost_potion_laboratory, grunt_ministairs_10

Skill      XL: |  1  2  3  4  5  6  7  8 |
---------------+-------------------------+-----
Stealth        | 2 4 5 6 8 10 12 | 12.5
Dodging        | 6 5 9 |  9.5
Fighting       | 5 4 7 |  7.2
Unarmed Combat | 5 4 7 |  7.2

Action                   |  1- 3 |  4- 6 |  7- 9 || total
-------------------------+-------+-------+-------++-------
Melee: Unarmed           |    91 |   181 |   286 ||   558
       Bite              |     6 |    24 |    32 ||    62
       Punch             |       |     4 |    11 ||    15
Invok: Berserk           |       |     5 |     8 ||    13
       Trog's Hand       |       |     4 |     8 ||    12
  Use: Potion            |       |     3 |     1 ||     4
       Scroll            |       |     4 |     4 ||     8
 Stab: Sleeping          |    14 |    17 |    22 ||    53
  Eat: Chunk             |    10 |    12 |    21 ||    43
       Ration            |       |       |     1 ||     1
Armor: Skin              |     5 |     9 |    13 ||    27
Dodge: Dodged            |    50 |   141 |   194 ||   385
